 Dungeon Crawl Stone Soup version 0.21.1-1-g345015f (webtiles) character file.

71 nicolaieve the Chopper (level 4, 0/39 HPs)
             Began as a Minotaur Berserker on June 20, 2018.
             Was a Believer of Trog.
             Succumbed to Crazy Yiuf's poison
             ... on level 2 of the Dungeon.
             The game lasted 00:04:42 (2061 turns).

nicolaieve the Chopper (Minotaur Berserker)         Turns: 2061, Time: 00:04:42

Health: 0/39       AC:  7    Str: 23    XL:     4   Next: 5%
Magic:  3/3        EV: 10    Int:  4    God:    Trog [**....]
Gold:   100        SH:  0    Dex:  9    Spells: 3/3 levels left

rFire    . . .     SeeInvis .   a - +0 hand axe
rCold    . . .     Gourm    .   (no shield)
rNeg     . . .     Faith    .   l - +0 scale mail
rPois    .         Spirit   .   (helmet restricted)
rElec    .         Reflect  .   (no cloak)
rCorr    +         Harm     .   j - +0 pair of gloves
MR       .....                  (no boots)
Stlth    ..........             (no amulet)
HPRegen  0.13/turn              h - ring of resist corrosion
MPRegen  0.08/turn              (no ring)

@: lethally poisoned (0 -> -8), drained
A: retaliatory headbutt, horns 2
a: Berserk, Trog's Hand, Burn Spellbooks, Renounce Religion


You were on level 2 of the Dungeon.
You worshipped Trog.
Trog was pleased with you.
You were not hungry.

You visited 1 branch of the dungeon, and saw 2 of its levels.

You collected 100 gold pieces.

Inventory:

Hand Weapons
 a - a +0 hand axe (weapon)
Armour
 b - a +0 animal skin
 j - a +0 pair of gloves (worn)
 l - a +0 scale mail (worn)
Jewellery
 h - a ring of resist corrosion (left hand)
Scrolls
 e - 3 scrolls of immolation {unknown}
 f - a scroll of teleportation {unknown}
 g - a scroll of noise {unknown}
 k - 2 scrolls of identify {unknown}
 n - a scroll of remove curse {unknown}
 o - a scroll of enchant weapon {unknown}
 q - a scroll of amnesia {unknown}
Potions
 d - a potion of heal wounds {unknown}
 i - a potion of haste {unknown}
 m - a potion of agility {unknown}
 p - 2 potions of brilliance {unknown}
Comestibles
 c - 4 rations


   Skills:
 - Level 3.6(3.3) Fighting
 + Level 6.0(5.7) Axes
 - Level 2.4(2.1) Armour
 - Level 2.1(1.9) Dodging


You had 3 spell levels left.
You didn't know any spells.

Dungeon Overview and Level Annotations

Branches:
Dungeon (2/15)

Altars:

Annotations:
D:2 Crazy Yiuf


Innate Abilities, Weirdness & Mutations

You reflexively headbutt those who attack you in melee.
You have a pair of horns on your head.


Message History

Crazy Yiuf shouts!
Found a mace.
There is an open door here.
You hit Crazy Yiuf but do no damage. Your headbutt misses Crazy Yiuf.
Crazy Yiuf hits you with a quarterstaff of chaos.
You are poisoned.
You closely miss Crazy Yiuf.
You feel sick.
Crazy Yiuf hits you with a quarterstaff of chaos!
You feel drained.
You hit Crazy Yiuf but do no damage.
You feel sick. Crazy Yiuf barely misses you. You furiously retaliate!
You headbutt Crazy Yiuf, but do no damage.
You barely miss Crazy Yiuf.
You feel sick.
Crazy Yiuf says, "Flower fast agre!"
Crazy Yiuf hits you with a quarterstaff of chaos.
You are electrocuted!
* * * LOW HITPOINT WARNING * * *
You hit Crazy Yiuf. Your headbutt misses Crazy Yiuf.
Crazy Yiuf is lightly wounded.
You die...

.# #.# #.#
#... .# #.#
#.# #.## .#
#.# ### #.#
.# #.# #.#
.# #.# #####
### #.# .#
#.# #)..#
#.# #.# .#
#.# #...#
#.#######.#
.#########.#
#.g.#
#.........#
........##.#
#@#
#.#########
...####....#
♣.♣♣ #.#
##.# ######
♣♣.♣ #.# #)#
♣.♣♣ #.#####
#.# ♣♣.♣
#.....####
##.# ♣♣.♣♣
#........#
...#########
♣♣...♣
#..##.##.###
...........#
♣....♣
##.##.......
############
#....#
#>#########


You could see Crazy Yiuf.

Vanquished Creatures
  2 adders (D:2)
  An ooze (D:1)
  2 worms (D:2)
  A leopard gecko (D:1)
  A ball python (D:2)
  2 giant cockroaches (D:2)
  6 goblins
  5 hobgoblins
  A quokka (D:2)
  4 bats
  3 frilled lizards (D:1)
  10 kobolds
  3 rats
41 creatures vanquished.

Notes
Turn   | Place    | Note
-------+----------+-------------------------------------------
     0 | D:1      | nicolaieve the Minotaur Berserker began the quest for the Orb.
     0 | D:1      | Reached XP level 1. HP: 19/19 MP: 0/0
   100 | D:1      | Reached skill level 4 in Axes
   151 | D:1      | Reached XP level 2. HP: 20/26 MP: 1/1
   980 | D:1      | Reached skill level 5 in Axes
  1254 | D:2      | Reached XP level 3. HP: 26/31 MP: 2/2
  1316 | D:2      | Reached ** piety under Trog
  1414 | D:2      | Found a faded altar of an unknown god.
  1747 | D:2      | Found a runed door.
  1954 | D:2      | Reached skill level 6 in Axes
  1954 | D:2      | Reached XP level 4. HP: 38/39 MP: 3/3
  2055 | D:2      | Noticed Crazy Yiuf
  2060 | D:2      | HP: 1/39 [Crazy Yiuf/quarterstaff of chaos (18)]
  2061 | D:2      | Succumbed to Crazy Yiuf's poison

Skill      XL: |  1  2  3 |
---------------+----------+-----
Axes           | 4 5 6 |  6.0
Fighting       | |  3.6
Armour         | |  2.4
Dodging        | |  2.1

Action                   |  1- 3 |  4- 6 || total
-------------------------+-------+-------++-------
Melee: Hand axe          |    95 |     5 ||   100
       Headbutt          |    13 |       ||    13
  Eat: Chunk             |     3 |     1 ||     4
Armor: Animal skin       |    10 |       ||    10
       Scale mail        |    26 |       ||    26
Dodge: Dodged            |    47 |     1 ||    48
